Unix NetHack Version 3.7.0-86 Work-in-progress - last build May 30 2023 11:53:40 (cc98dc9aa62a9957b082a042edf5bd7ec9f632c7,branch:master). Game began 2023-06-13 16:50:56, ended 2023-06-13 17:52:37. UmberConductor, neutral male human Tourist -- .| ###d@i '.....| ------------ # .|########.<.........| ####### |# |..........| ---------# # #+..........| ......C|# # #|.........[| .....|# # ####------------ -...|############# # | |...| ##### |{.{.C..-############# |.{ |...| --- -...| ....| .....C| -------- UmberConductor the Sightseer St:12 Dx:8 Co:17 In:12 Wi:12 Ch:14 Neutral S:956 Dlvl:5 $:273 HP:0(45) Pw:17(17) AC:6 Xp:5/179 T:2358 Burdened Latest messages: You feel much better. What do you want to zap? [FV or ?*] ? In what direction? l The wand misses the homunculus. The wand hits it. You kill it! The wand hits it! The fox bites! The dagger misses the fox. You are hit by a dagger. The homunculus bites! What do you want to zap? [FV or ?*] ? In what direction? l The wand hits the homunculus! The homunculus resists! The fox bites! The homunculus bites! The fox bites! The homunculus bites! Nothing happens. The fox bites! The homunculus bites! You are put to sleep by the homunculus! The fox bites! The homunculus bites! The fox bites! The homunculus bites! The fox bites! The homunculus bites! The fox bites! The combat suddenly awakens you. What do you want to use or apply? [jlDFKV or ?*] ? In what direction? l The homunculus is blinded by the flash! The fox misses! The homunculus bites! In what direction? h The dart misses the fox. The fox just misses! The homunculus bites! In what direction? h The dart hits the fox. The fox bites! "Run away! Live to flee another day!" The homunculus bites! The fox bites! The fox bites! The homunculus bites! You die... Do you want to see the dungeon overview? q Inventory: Coins ('$') $ - 273 gold pieces Weapons (')') a - 29 uncursed +2 darts (at the ready) y - an uncursed +0 orcish dagger (alternate weapon; not wielded) L - 6 uncursed +0 arrows X - an uncursed +0 dagger Armor ('[') i - an uncursed +0 Hawaiian shirt with a sailboat motif (being worn) z - an uncursed +0 orcish helm (being worn) J - an uncursed +0 dwarvish cloak (being worn) N - an uncursed +0 studded leather armor (being worn) Q - an uncursed +0 dwarvish cloak Comestibles ('%') c - 6 uncursed food rations d - an uncursed honey bun e - 2 uncursed apples l - an uncursed cream pie q - an uncursed food ration O - 2 uncursed pears Scrolls ('?') h - 4 uncursed scrolls of magic mapping m - an uncursed scroll of identify s - an uncursed scroll of light t - an uncursed scroll of confuse monster u - an uncursed scroll of food detection w - an uncursed scroll of teleportation A - an uncursed scroll of enchant weapon G - a cursed scroll of earth Potions ('!') n - an uncursed potion of booze p - an uncursed potion of full healing B - an uncursed potion of oil H - an uncursed potion of water R - an uncursed potion of acid Y - an uncursed potion of gain ability Rings ('=') o - an uncursed +1 ring of increase damage Wands ('/') F - an uncursed wand of striking (0:0) V - an uncursed wand of striking (0:0) Tools ('(') j - an uncursed expensive camera (0:80) D - an uncursed credit card Gems/Stones ('*') v - an uncursed worthless piece of black glass K - 10 uncursed flint stones U - 2 uncursed worthless pieces of white glass UmberConductor the Tourist's attributes: Background: You were a Sightseer, a level 5 male human Tourist. You were neutral, on a mission for The Lady who was opposed by Blind Io (lawful) and Offler (chaotic). You were in the Dungeons of Doom, on level 5. You entered the dungeon 2358 turns ago. You had 179 experience points, 141 more were needed to attain level 6. Your score was 956 before end-of-game adjustments. Basics: You had 0 out of 45 hit points. You had all 17 energy points (spell power). Your armor class was 6. Your wallet contained 273 zorkmids. Autopickup was on for '$"?+!=/' plus thrown, with exceptions. Final Characteristics: Your strength was 12 (limit:18/100). Your dexterity was 8 (limit:18). Your constitution was 17 (limit:18). Your intelligence was 12 (limit:18). Your wisdom was 12 (limit:18). Your charisma was 14 (limit:18). Final Status: You were not hungry. You were burdened; movement was slightly slowed. You were bare handed. You had basic skill with bare handed combat. Final Attributes: You were stridently aligned. You were warded. You are dead. Miscellaneous: You never encountered a bones level. Total elapsed playing time was 1 hour, 1 minute and 41 seconds. Major events: Turn 1: UmberConductor the neutral male human Tourist entered the dungeon 1490: attained the rank of Sightseer (level 3) 2081: entered the Gnomish Mines 2358: killed by a homunculus Vanquished creatures: 2 gnome leaders a kitten 3 dwarves a homunculus a rothe a wererat an acid blob 2 coyotes 2 hobbits 2 giant rats 4 cave spiders a green mold a red mold 7 gnomes a gnome zombie 2 geckos 3 jackals 2 foxes a goblin 2 sewer rats 7 grid bugs a bat 4 lichens 4 kobold zombies 3 newts 59 creatures vanquished. No species were genocided or became extinct. Voluntary challenges: You never hit with a wielded weapon. You were illiterate. You never engraved Elbereth. You never genocided any monsters. You never polymorphed an object. You never changed form. You used no wishes. Achievements: You attained the rank of Sightseer. You entered the Gnomish Mines. The Dungeons of Doom: levels 1 to 5 Level 1: A fountain. Level 2: Level 3: Level 4: A fountain. Stairs down to The Gnomish Mines. Level 5: <- You were here. Many fountains. Final resting place for you, killed by a homunculus. The Gnomish Mines: Level 5: Game over: ---------- / \ / REST \ / IN \ / PEACE \ / \ | UmberConductor | | 273 Au | | killed by a | | homunculus | | | | | | 2023 | *| * * * | * _________)/\\_//(\/(/\)/\//\/|_)_______ Aloha UmberConductor the Tourist... You died in The Dungeons of Doom on dungeon level 5 with 952 points, and 273 pieces of gold, after 2358 moves. You were level 5 with a maximum of 45 hit points when you died.